 Dungeon Crawl Stone Soup version 0.30-a0-341-g682706514a (webtiles) character file.

Game seed: 11796049851170971071

1637 Shayle the Cudgeller (level 8, 0/76 HPs)
             Began as a Naga Reaver on Nov 2, 2022.
             Was an Initiate of Ashenzari.
             Slain by a yak (2 damage)
             ... on level 6 of the Dungeon.
             The game lasted 00:20:54 (4874 turns).

Shayle the Cudgeller (Naga Reaver)                  Turns: 4874, Time: 00:20:54

Health: 0/76       AC: 12    Str: 14    XL:     8   Next: 98%
Magic:  11/11      EV:  7    Int: 23    God:    Ashenzari [......]
Gold:   222        SH:  0    Dex:  9    Spells: 7/11 levels left

rFire   . . .      SeeInvis +    f - +4 whip (pain)
rCold   . . .      Faith    .    (no shield)
rNeg    . . .      Spirit   .    b - +0 leather armour
rPois   +          Reflect  .    c - +2 helmet of Ashenzari's Mistrust {Evo, Self} (curse)
rElec   .          Harm     .    (no cloak)
rCorr   .          Rampage  .    (no gloves)
Will    +....                    s - +0 barding
Stlth   +.........               (no amulet)
HPRegen 0.32/turn                n - +6 ring of intelligence
MPRegen 0.12/turn                (no ring)

@: short of breath, very slow
A: AC +2, large, see invisible, deformed body, poison resistance, slowness 2,
spit poison 1, naga tail 1
a: Spit Poison, Renounce Religion, Shatter the Chains


You were on level 6 of the Dungeon.
You worshipped Ashenzari.
Ashenzari was noncommittal.
You visited 1 branch of the dungeon, and saw 6 of its levels.

You collected 321 gold pieces.
You spent 99 gold pieces at shops.

Inventory:

Hand Weapons
 a - a +0 mace
 f - a +4 whip of pain (weapon)
Missiles
 u - 4 atropa-tipped darts
Armour
 b - a +0 leather armour (worn)
 c - the cursed +2 helmet of Ashenzari's Mistrust (worn) {Evo, Self}
   (You found it on level 1 of the Dungeon)

   It has a curse which improves the following skills: Evocations: Evocations.
   Introspection: Fighting and Spellcasting.
 s - a +0 barding (worn)
Jewellery
 n - a +6 ring of intelligence (left hand)
Wands
 o - a wand of paralysis (3)
Scrolls
 l - 2 scrolls of fear
 m - a scroll of teleportation
Potions
 d - 2 potions of curing
 e - a potion of magic {unknown}
 g - a potion of haste {unknown}
 h - a potion of berserk rage {unknown}
 i - 2 potions of lignification
 j - a potion of might {unknown}
 k - 3 potions of resistance
 p - a potion of mutation {unknown}


   Skills:
 + Level 5.7(6.1) Fighting
 + Level 6.1 Maces & Flails
 + Level 4.2 Armour
 - Level 1.5 Dodging
 - Level 2.0(2.3) Spellcasting
 - Level 3.0 Conjurations
 + Level 5.1 Necromancy
 + Level 2.2(2.5) Evocations


You had 7 spell levels left.
You knew the following spells:

 Your Spells              Type           Power      Damage    Failure   Level
a - Kiss of Death         Conj/Necr      84%        2d11      3%          1
b - Hailstorm             Conj/Ice       9%         3d4       26%         3

Your spell library contained the following spells:

 Spells                   Type           Power      Damage    Failure   Level
 Momentum Strike          Conj/Tloc      18%        3d8       13%         2


Dungeon Overview and Level Annotations

Branches:
Dungeon (6/15)
 Temple: D:4-7

Altars:
Ashenzari
Cheibriados
Dithmenos
Okawaru
Qazlal
Ru
Sif Muna
Xom
Yredelemnul

Shops:
D:1 (   D:2 [   D:3 !   D:4 **   D:6 =(


Innate Abilities, Weirdness & Mutations

Your serpentine skin is tough. (AC +2)
You have supernaturally acute eyesight. (SInv)
Armour fits poorly on your strangely shaped body.
Your system is resistant to poisons. (rPois)
You cover ground very slowly.
You can spit poison.
You have a snake-like lower body.


Message History

The yak gores you but does no damage.
You hit the yak.
The yak writhes in agony.
The yak is moderately wounded.
The yak closely misses you.
You hit the yak.
The yak is moderately wounded.
You hear the slow hiss of a distant avalanche of sand.
You hit the yak.
The yak writhes in agony.
The yak is moderately wounded.
The yak gores you.
* * * LOW HITPOINT WARNING * * *
You hit the yak.
The yak writhes in agony.
The yak is heavily wounded.
The yak barely misses you.
You whack the yak!
The yak writhes in agony.
The yak is almost dead.
The yak gores you but does no damage.
You completely miss the yak.
The yak is almost dead.
The yak gores you.
* * * LOW HITPOINT WARNING * * *
You hit the yak but do no damage.
The yak writhes in agony.
The yak is almost dead.
You have got your breath back.
You hit the yak.
The yak is almost dead.
The yak gores you but does no damage.
You closely miss the yak.
The yak is almost dead.
The yak gores you.
* * * LOW HITPOINT WARNING * * *
You hit the yak but do no damage.
The yak is almost dead.
The yak gores you!
* * * LOW HITPOINT WARNING * * *
Aiming: Spit Poison (1% risk of failure)
Press: ? - help, Shift-Dir - straight line, f/p - yak
Aim: a yak (almost dead, 78% to hit)
The splash of poison misses the yak.
The yak gores you.
You die...

.........# ...).....#
.........###
...........#
...........#
...........#
....)......#
...........###########..
....!...........@Y......
.##......###############
###......+ .......
....... ##..... ##..


You could see a yak.

Vanquished Creatures
  4 yaks (D:6)
  Edmund (D:4)
  Duvessa (D:4)
  An ogre (D:5)
  2 necrophages
  3 scorpions (D:5)
  Dowan (D:4)
  4 hounds
  3 iguanas
  2 orc wizards (D:5)
  6 adders
  A shadow imp (D:6)
  A white imp (D:4)
  An ufetubus (D:4)
  3 worms
  A dart slug (D:5)
  3 orcs
  9 endoplasms
  4 giant cockroaches
  6 goblins
  4 hobgoblins
  10 jackals
  A quokka (D:2)
  8 ball pythons
  4 bats
  2 frilled lizards
  12 kobolds
  4 rats
102 creatures vanquished.

Vanquished Creatures (collateral kills)
  An endoplasm (D:4)
1 creature vanquished.

Grand Total: 103 creatures vanquished

Notes
Turn   | Place    | Note
-------+----------+-------------------------------------------
     0 | D:1      | Shayle the Naga Reaver began the quest for the Orb.
     0 | D:1      | Reached XP level 1. HP: 19/19 MP: 3/3
   237 | D:1      | Reached XP level 2. HP: 26/26 MP: 5/5
   311 | D:1      | Found Roblypih's Antique Weapon Shop.
   579 | D:1      | You fall into a shaft and drop 1 floor!
   736 | D:1      | Reached XP level 3. HP: 32/33 MP: 6/6
   960 | D:2      | Reached skill level 1 in Armour
   960 | D:2      | Reached skill level 1 in Necromancy
  1265 | D:2      | Reached XP level 4. HP: 38/40 MP: 7/7
  1779 | D:2      | Found Roso's Antique Armour Boutique.
  2196 | D:3      | Found a snail-covered altar of Cheibriados.
  2197 | D:3      | Found a shimmering altar of Xom.
  2198 | D:3      | Found a stormy altar of Qazlal.
  2202 | D:3      | Found a basalt altar of Yredelemnul.
  2312 | D:3      | Found Birhur's Distillery.
  2353 | D:3      | Bought a potion of heal wounds for 55 gold pieces
  2353 | D:3      | Bought a potion of curing for 33 gold pieces
  2353 | D:3      | Bought a potion of degeneration for 11 gold pieces
  2522 | D:3      | Found a shimmering blue altar of Sif Muna.
  2841 | D:4      | Found Utoneyxa's Specific Store.
  2842 | D:4      | Found Xodo's General Store.
  2854 | D:4      | Noticed Dowan
  2854 | D:4      | Noticed Duvessa
  2878 | D:4      | Killed Duvessa
  2879 | D:4      | Reached skill level 4 in Maces & Flails
  2879 | D:4      | Reached XP level 5. HP: 21/49 MP: 8/8
  2898 | D:4      | Killed Dowan
  2899 | D:4      | Reached XP level 6. HP: 38/56 MP: 9/9
  3071 | D:4      | Noticed Edmund
  3106 | D:4      | Killed Edmund
  3418 | D:4      | Reached XP level 7. HP: 37/52 MP: 10/10
  3834 | D:5      | Entered Level 5 of the Dungeon
  3878 | D:5      | Reached skill level 5 in Maces & Flails
  4182 | D:5      | Reached XP level 8. HP: 73/73 MP: 11/11
  4246 | D:5      | Learned a level 3 spell: Hailstorm
  4251 | D:5      | Found a broken altar of Ashenzari.
  4263 | D:5      | Became a worshipper of Ashenzari the Shackled
  4299 | D:5      | Reached skill level 5 in Fighting
  4419 | D:5      | Found an iron altar of Okawaru.
  4479 | D:5      | Found a sacrificial altar of Ru.
  4730 | D:6      | Found Suofref's Jewellery Shop.
  4751 | D:6      | Found a shadowy altar of Dithmenos.
  4771 | D:6      | Found Tearr's Antique Weapon Emporium.
  4816 | D:6      | Noticed a yak
  4816 | D:6      | Noticed a yak
  4817 | D:6      | Noticed a yak
  4817 | D:6      | Noticed a yak
  4818 | D:6      | Noticed a yak
  4826 | D:6      | Killed a yak
  4827 | D:6      | Reached skill level 1 in Evocations
  4834 | D:6      | Killed a yak
  4848 | D:6      | Killed a yak
  4849 | D:6      | Reached skill level 6 in Maces & Flails
  4862 | D:6      | Killed a yak
  4863 | D:6      | Reached skill level 5 in Necromancy
  4873 | D:6      | HP: 2/76 [yak (12)]
  4874 | D:6      | Slain by a yak

Illustrated notes

Levels and vault maps discovered:
D:1:      dpeg_arrival_three_bigger_balls, layout_basic, serial_shops,
          nicolae_shop_overgrown_old_shop, serial_forest,
          infiniplex_forest_lined_1, infiniplex_forest_corner_1,
          infiniplex_forest_join, infiniplex_forest_zigzag_1,
          infiniplex_forest_clump_medium, infiniplex_forest_clump_curved,
          infiniplex_forest_end_1, infiniplex_forest_straight_2, st_stairs_11,
          chequers_serial_rivers_micro_a
D:2:      layout_basic, serial_shops, shop
D:3:      layout_loops_ring, led_sif_pool, minitemple, serial_shops,
          nicolae_diamond_shop
D:4:      layout_loops_ring, nicolae_specific_store, st_stairs_8,
          minmay_misc_feat_four_crosses, uniq_natasha, uniq_edmund, uniq_duvessa
D:5:      layout_basic, nicolae_ru_sacrificial_ziggurat,
          cheibrodos_ashenzari_chains, kennysheep_mini
D:6:      layout_gridville, nicolae_dithmenos_shadow_blocks, marbit_many_paths,
          minmay_temple_entry_antechambers, nicolae_ossuary_entry_monument,
          serial_shops, shop, shop, nicolae_lakefront_shop, shop_statue,
          nicolae_zen_rock_garden, kennysheep_pointless_box

Skill      XL: |  1  2  3  4  5  6  7  8 |
---------------+-------------------------+-----
Armour         | 1 2 3 4 |  4.2
Necromancy     | 1 2 3 4 5 |  5.1
Fighting       | 3 4 5 |  5.7
Maces & Flails | 4 5 6 |  6.1
Evocations     | 2 |  2.2
Dodging        | |  1.5
Spellcasting   | |  2.0
Conjurations   | |  3.0

Action                   |  1- 3 |  4- 6 |  7- 9 || total
-------------------------+-------+-------+-------++-------
Melee: Whip              |    62 |   151 |   148 ||   361
       Mace              |    10 |       |       ||    10
Invok: Curse Item        |       |       |     1 ||     1
 Abil: Spit Poison       |    18 |    12 |    20 ||    50
Evoke: Wand              |       |     5 |     1 ||     6
  Use: Scroll            |     1 |    10 |     3 ||    14
       Potion            |       |     3 |     2 ||     5
 Stab: Paralysed         |       |     8 |     6 ||    14
Armor: Leather armour    |    30 |    42 |    33 ||   105
       Skin              |       |     8 |       ||     8
Dodge: Dodged            |    31 |    59 |    55 ||   145

Table legend: (Time is in decaauts)
 A = Elapsed time spent in this place.
 B = Non-inter-level travel time spent in this place.
 C = Inter-level travel time spent in this place.
 D = Time resting spent in this place.
 E = Time spent auto-exploring this place.
 F = Levels seen in this place.
 G = Mean time per level.
                   A        B        C        D        E       F      G
               +--------+--------+--------+--------+--------+-----+--------+
         Total |   6163 |   5856 |    307 |    446 |   4011 |   6 | 1027.2 |
       Dungeon |   6163 |   5856 |    307 |    446 |   4011 |   6 | 1027.2 |
               +--------+--------+--------+--------+--------+-----+--------+

Top non-repeatable levels by time:
     D:4: 1430 daAuts
     D:2: 1256 daAuts
     D:1: 1185 daAuts
     D:5: 1096 daAuts
     D:3: 1036 daAuts
     D:6: 158 daAuts
